 Dungeon Crawl Stone Soup version 0.29.1-15-g9cfb28693d (webtiles) character file.

Game seed: 13353973767542517933

1729 BuddhaDhamma the Cleaver (level 8, -1/64 HPs)
             Began as a Minotaur Berserker on Mar 6, 2023.
             Was a Priest of Trog.
             Slain by an orc warrior
             ... wielding a +0 mace
              (5 damage)
             ... on level 7 of the Dungeon.
             The game lasted 00:12:35 (6330 turns).

BuddhaDhamma the Cleaver (Minotaur Berserker)       Turns: 6330, Time: 00:12:35

Health: -1/64      AC:  8    Str: 24    XL:     8   Next: 76%
Magic:  7/7        EV: 10    Int:  4    God:    Trog [***...]
Gold:   369        SH:  0    Dex: 10    Spells: 7/7 levels left

rFire   + . .      SeeInvis .   c - +1 war axe
rCold   . . .      Faith    .   (no shield)
rNeg    . . .      Spirit   .   u - +0 scale mail
rPois   .          Reflect  .   (helmet restricted)
rElec   .          Harm     .   (no cloak)
rCorr   .          Rampage  .   (no gloves)
Will    .....                   b - +1 pair of boots
Stlth   ..........              a - amulet of regeneration
HPRegen 1.00/turn               s - ring of protection from fire
MPRegen 0.10/turn               (no ring)

@: no status effects
A: horns 2, retaliatory headbutt
a: Renounce Religion, Berserk, Trog's Hand


You were on level 7 of the Dungeon.
You worshipped Trog.
Trog was most pleased with you.
You visited 1 branch of the dungeon, and saw 7 of its levels.

You collected 369 gold pieces.

Inventory:

Hand Weapons
 c - a +1 war axe (weapon)
Missiles
 m - 9 poisoned darts (quivered)
Armour
 b - a +1 pair of boots (worn)
 u - a +0 scale mail (worn)
Jewellery
 a - an amulet of regeneration (around neck)
 i - an amulet of guardian spirit
 s - a ring of protection from fire (left hand)
Wands
 g - a wand of charming (9)
 q - a wand of digging (4)
 r - a wand of iceblast (5)
Scrolls
 f - 5 scrolls of teleportation
 k - a scroll of enchant armour
Potions
 d - 3 potions of flight
 e - 3 potions of lignification
 h - 5 potions of curing
 j - a potion of berserk rage
 n - a potion of mutation {unknown}
 o - a potion of might {unknown}
 p - 2 potions of cancellation
 t - 3 potions of brilliance {unknown}
 x - a potion of heal wounds {unknown}


   Skills:
 - Level 3.6 Fighting
 + Level 13.7 Axes
 - Level 2.4 Armour
 - Level 2.1 Dodging


You had 7 spell levels left.
You didn't know any spells.
Your spell library was empty.

Dungeon Overview and Level Annotations

Branches:
Dungeon (7/15)             Temple (0/1) D:7

Altars:
Ashenzari
Elyvilon
Nemelex Xobeh
Trog
Wu Jian
Yredelemnul

Shops:
D:3 [


Innate Abilities, Weirdness & Mutations

You have a pair of horns on your head.
You reflexively headbutt those who attack you in melee.


Message History

You are too injured to fight recklessly!
You hit the orc warrior but do no damage.
You headbutt the orc warrior.
The orc warrior is severely wounded.
The orc warrior hits you with a +0 mace!!
You barely miss the orc warrior.
The orc warrior is severely wounded.
You hit the orc warrior but do no damage.
You headbutt the orc warrior, but do no damage.
The orc warrior is severely wounded.
The orc warrior barely misses you. You furiously retaliate!
You headbutt the orc warrior.
You hit the orc warrior but do no damage.
The orc warrior is severely wounded.
The orc priest calls upon Beogh to heal the orc warrior.
The orc warrior is healed somewhat.
The orc warrior hits you with a +0 mace!
You closely miss the orc warrior.
The orc warrior is heavily wounded.
The orc warrior hits you with a +0 mace.
You barely miss the orc warrior. Your headbutt misses the orc warrior.
The orc warrior is heavily wounded.
The orc warrior hits you with a +0 mace!
* * * LOW HITPOINT WARNING * * *
You slash the orc warrior!
The orc warrior is almost dead.
You barely miss the orc warrior.
You punch the orc warrior, but do no damage.
The orc warrior is almost dead.
The orc warrior hits you with a +0 mace.
* * * LOW HITPOINT WARNING * * *
You closely miss the orc warrior.
The orc warrior is almost dead.
The orc warrior hits you with a +0 mace!
* * * LOW HITPOINT WARNING * * *
You closely miss the orc warrior.
You headbutt the orc warrior, but do no damage.
The orc warrior is almost dead.
The orc warrior hits you with a +0 mace.
You die...

#.# ###.##.# #.#
#........ ##.##
#.##..#.. ##...###
###+### #......#
....... ##....##
....... ##.#..+
###+### #.#.#####>#.##
+...+. #....oo@.....#
#...#. ###.#####.#..+
#._.#. #.#.## #...#.
#.# # +...'. #.#
+###'### #########.#
#.......
#########.......#.####
#.......
#.........#####.#....#
#+###'### #.######..#
#.#.#### #. #....


You could see an orc warrior and an orc priest.

Vanquished Creatures
  2 steam dragons (D:6)
  2 ice beasts (D:6)
  An orc warrior (D:5)
  2 ogres
  A phantom (D:5)
  A bullfrog (D:6)
  2 scorpions
  3 necrophages
  4 howler monkeys
  A hound (D:7)
  2 orc priests
  A jelly (D:7)
  3 iguanas
  An orc wizard (D:7)
  10 adders
  A white imp (D:6)
  2 ufetubi (D:5)
  3 dart slugs
  19 orcs
  4 ball pythons
  8 endoplasms
  2 giant cockroaches (D:2)
  8 goblins
  2 hobgoblins
  4 jackals (D:5)
  7 kobolds
  7 quokkas
  8 bats
  5 frilled lizards
  7 rats
123 creatures vanquished.

Notes
Turn   | Place    | Note
-------+----------+-------------------------------------------
     0 | D:1      | BuddhaDhamma the Minotaur Berserker began the quest for the
                  | Orb.
     0 | D:1      | Reached XP level 1. HP: 19/19 MP: 0/0
   174 | D:1      | Reached skill level 4 in Axes
   315 | D:1      | Reached XP level 2. HP: 19/26 MP: 1/1
   770 | D:1      | Found a faded altar of an unknown god.
   822 | D:1      | Reached skill level 5 in Axes
  1076 | D:2      | Found a sparkling altar of Nemelex Xobeh.
  1143 | D:2      | Reached XP level 3. HP: 30/31 MP: 2/2
  1566 | D:2      | Reached ** piety under Trog
  2144 | D:3      | Reached skill level 6 in Axes
  2144 | D:3      | Reached XP level 4. HP: 39/39 MP: 3/3
  2780 | D:3      | Found Kiasit's Armour Boutique.
  3401 | D:4      | Reached skill level 7 in Axes
  3401 | D:4      | Reached XP level 5. HP: 38/45 MP: 4/4
  3452 | D:4      | Noticed an ogre
  3474 | D:4      | Killed an ogre
  3475 | D:4      | Reached skill level 8 in Axes
  3732 | D:4      | Reached XP level 6. HP: 48/51 MP: 5/5
  3896 | D:4      | Found a broken altar of Ashenzari.
  4201 | D:5      | Entered Level 5 of the Dungeon
  4289 | D:5      | Reached skill level 9 in Axes
  4313 | D:5      | Reached *** piety under Trog
  4354 | D:5      | Noticed an orc warrior
  4361 | D:5      | Killed an orc warrior
  4584 | D:5      | Reached XP level 7. HP: 56/57 MP: 4/6
  4717 | D:5      | Reached skill level 10 in Axes
  4810 | D:5      | Identified the +1 leather armour "Zahetzukk" {-Tele Harm
                  | Regen+ Int+3}
  5190 | D:6      | Reached skill level 11 in Axes
  5238 | D:6      | Found a bloodstained altar of Trog.
  5371 | D:6      | Found a white marble altar of Elyvilon.
  5422 | D:6      | Reached XP level 8. HP: 53/64 MP: 7/7
  5573 | D:6      | Reached skill level 12 in Axes
  5964 | D:7      | Reached skill level 13 in Axes
  6052 | D:7      | Found a staircase to the Ecumenical Temple.
  6213 | D:7      | Found a basalt altar of Yredelemnul.
  6259 | D:7      | Found an ornate altar of the Wu Jian Council.
  6330 | D:7      | Slain by an orc warrior

Illustrated notes

Levels and vault maps discovered:
D:1:      dpeg_arrival_simpleton_a, layout_basic,
          shapermc_ecumenical_altar_totnotflames, chequers_serial_rivers_micro_e
D:2:      minmay_general_purpose_star, layout_basic, basic_altar
D:3:      layout_basic, serial_shops, shop, st_stairs_3
D:4:      layout_basic, kennysheep_mini
D:5:      layout_loops_ring
D:6:      layout_cave_pools, nicolae_overflow_hidden_temple,
          lemuel_crystal_altar, minmay_pentangle
D:7:      layout_loops_corners, zin_statuary, lightli_temple_of_fire,
          mainiacjoe_overflow_six_doors_small, grunt_temple_overflow_diamond,
          mainiacjoe_overflow_24_doors, minmay_temple_entry_gardened_gates,
          amethyst_killhole

Skill      XL: |  1  2  3  4  5  6  7  8 |
---------------+-------------------------+-----
Axes           | 4 5 6 7 8 9 11 13 | 13.7
Fighting       | |  3.6
Armour         | |  2.4
Dodging        | |  2.1

Action                   |  1- 3 |  4- 6 |  7- 9 || total
-------------------------+-------+-------+-------++-------
Melee: Hand axe          |    89 |   110 |       ||   199
       Headbutt          |    14 |    23 |    19 ||    56
       Punch             |     1 |     1 |     1 ||     3
       War axe           |       |     4 |   106 ||   110
Throw: Dart              |       |     3 |       ||     3
Invok: Berserk           |     1 |     1 |       ||     2
  Use: Scroll            |       |     9 |     5 ||    14
Armor: Ring mail         |    36 |    30 |       ||    66
       Scale mail        |       |     5 |    27 ||    32
Dodge: Dodged            |    48 |    59 |    48 ||   155
